[Event "Agen_2017-Accession"]
[Site "Agen"]
[Date "2017.08.25"]
[Round "7.5"]
[White "Rodriguez, Adrien"]
[Black "Brochet, Philippe"]
[Result "1/2-1/2"]
[WhiteElo "2252"]
[BlackElo "2417"]
[PlyCount "122"]
[EventDate "2017.08.??"]
[EventType "swiss"]
[EventRounds "9"]
[EventCountry "FRA"]
[WhiteTeam "Lutèce Echecs"]
[BlackTeam "Echecs Club Montpellier"]
[TimeControl "900"]

1. d4 d5 2. c4 dxc4 3. Nc3 a6 4. e3 b5 5. a4 b4 6. Nb1 Bb7 7. Nf3 Nf6 8. Bxc4
e6 9. O-O Nbd7 10. Qe2 c5 11. a5 Bd6 12. Nbd2 Qc7 13. Bd3 cxd4 14. exd4 O-O 15.
Re1 Rfd8 16. g3 e5 17. dxe5 Nxe5 18. Nxe5 Bxe5 19. Qxe5 Qxe5 20. Rxe5 Rxd3 21.
Re1 Rc8 22. Nf1 h5 23. Ra4 b3 24. Be3 Rc2 25. Rd4 Be4 26. Rxd3 Bxd3 27. Bd4 Ne4
28. Re3 Nxf2 29. Re8+ Kh7 30. Bxf2 Rxb2 31. Rd8 Bc2 32. Nd2 Ra2 33. Rb8 b2 34.
Bd4 Ra1+ 35. Kf2 Rd1 36. Ke2 Rxd2+ 37. Kxd2 {b1 Rxb1} Bb1 38. h4 Kg6 39. Ke3 f6
40. Kf4 Bf5 41. Bc3 Bh3 42. Bd4 Kh6 43. Kf3 Bg4+ 44. Kf4 g5+ 45. hxg5+ fxg5+
46. Ke3 Kg6 47. Bb6 Kf5 48. Bc7 Bd1 49. Bd8 Kg4 50. Kf2 Ba4 51. Be7 Bc6 52. Bd8
Bb7 53. Be7 h4 54. gxh4 Kxh4 55. Ke3 Kg4 56. Kd2 Kf4 57. Kc3 g4 58. Bd6+ Kf3
59. Kxb2 g3 60. Bxg3 Kxg3 61. Ka1 Kf2 1/2-1/2